 Dungeon Crawl Stone Soup version 0.29-a0-559-g359e09b9d1 (webtiles) character file.

Game seed: 2769734041770944291

928 spaghetti the Thaumaturge (level 8, -3/58 HPs)
             Began as a Gnoll Wanderer on June 9, 2022.
             Was an Initiate of Cheibriados.
             Slain by a yak (12 damage)
             ... on level 5 of the Dungeon.
             The game lasted 00:06:45 (5984 turns).

spaghetti the Thaumaturge (Gnoll Wanderer)          Turns: 5984, Time: 00:06:45

Health: -3/58      AC:  2    Str: 11    XL:     8   Next: 11%
Magic:  18/21      EV: 20    Int: 19    God:    Cheibriados [......]
Gold:   335        SH:  0    Dex: 15    Spells: 19/26 levels left

rFire   . . .      SeeInvis .     - Unarmed
rCold   . . .      Faith    .   (shield currently unavailable)
rNeg    . . .      Spirit   .   (body armour currently unavailable)
rPois   x          Reflect  .   (helmet currently unavailable)
rElec   .          Harm     .   (cloak currently unavailable)
rCorr   +          Rampage  .   (gloves currently unavailable)
Will    .....                   (boots currently unavailable)
Stlth   ++........              (no amulet)
HPRegen 0.19/turn               p - ring of resist corrosion
MPRegen 0.17/turn               (no ring)

@: spider-form, very slow
A: venomous fangs, tiny, (fangs 1), strong nose, distributed training
a: End Transformation, Renounce Religion


You were on level 5 of the Dungeon.
You worshipped Cheibriados.
Cheibriados was noncommittal.
You were a venomous arachnid creature.
You visited 2 branches of the dungeon, and saw 7 of its levels.

You collected 335 gold pieces.


Innate Abilities, Weirdness & Mutations

You are a venomous arachnid creature.
You have poisonous fangs.
You are tiny and dextrous.
Your spellcasting is less reliable in this form.
Your armour is entirely melded.
You are incapable of wielding weapons or throwing items.
((You have very sharp teeth.))
Your uncanny sense of smell can sniff out nearby items.
Your experience applies equally to all skills.


   Skills:
 + Level 3.0 Fighting
 + Level 3.0 Short Blades
 + Level 3.0 Long Blades
 + Level 3.0 Axes
 + Level 3.0 Maces & Flails
 + Level 3.0 Polearms
 + Level 3.0 Staves
 + Level 3.0 Slings
 + Level 3.0 Bows
 + Level 3.0 Crossbows
 + Level 3.0 Throwing
 + Level 3.0 Armour
 + Level 3.0 Dodging
 + Level 3.0 Stealth
 + Level 3.0 Shields
 + Level 3.0 Unarmed Combat
 + Level 9.8 Spellcasting
 + Level 2.4 Conjurations
 + Level 2.4 Hexes
 + Level 2.4 Summonings
 + Level 2.4 Necromancy
 + Level 2.4 Translocations
 + Level 4.5 Transmutations
 + Level 2.4 Fire Magic
 + Level 2.4 Ice Magic
 + Level 2.4 Air Magic
 + Level 2.4 Earth Magic
 + Level 2.4 Poison Magic
 + Level 4.2 Invocations
 + Level 5.5 Evocations


You had 19 spell levels left.
You knew the following spells:

 Your Spells              Type           Power      Damage    Failure   Level
a - Necrotize             Necr           72%        1d7       10%         1
b - Spider Form           Tmut/Pois      22%        N/A       16%         3
c - Ignite Poison         Fire/Tmut/Pois 21%        N/A       17%         3

Your spell library contained the following spells:

 Spells                   Type           Power      Damage    Failure   Level
 Beastly Appendage        Tmut           52%        N/A       5%          1
 Shock                    Conj/Air       72%        1d7       10%         1
 Slow                     Hex            72%        N/A       10%         1
 Confusing Touch          Hex            18%        N/A       22%         3
 Swiftness                Air            18%        N/A       22%         3
 Airstrike                Air            9%         N/A       50%         4

Inventory:

Hand Weapons
 a - the +9 hand crossbow "Fadaam" (melded) {freeze, rN++ Dex-4 SInv, crossbow}
   (You acquired it on level 2 of the Dungeon)

   Any ammunition fired from it freezes those it strikes, dealing additional
   cold damage.
   It can also slow down cold-blooded creatures.
   Dex:       It affects your dexterity (-4).
   rN:        It greatly protects you from negative energy.
   SInv:      It lets you see invisible.
 b - a +2 dagger of chaos {short}
   (You took it off a goblin on level 1 of the Dungeon)
 f - a +0 club {mace}
Missiles
 j - 187 stones (quivered) {throwing}
 y - 3 poisoned darts {throwing}
Armour
 c - a +0 robe (melded)
 u - a +0 kite shield
   (You found it on level 3 of the Dungeon)
Magical Staves
 A - a staff of cold {!astaff}
   (You found it on level 4 of the Dungeon)
 D - a staff of cold {!astaff}
   (You found it on level 5 of the Dungeon)
Jewellery
 p - a ring of resist corrosion (left front leg)
   (You found it on level 1 of the Dungeon)
Wands
 d - a wand of flame (1)
 o - a wand of digging (5)
   (You found it on level 5 of the Dungeon)
 G - a wand of acid (4)
   (You found it on level 5 of the Dungeon)
Scrolls
 e - a scroll of silence {!r}
 i - 2 scrolls of immolation {!r!r}
 s - 3 scrolls of vulnerability {!r!r}
 t - a scroll of summoning
 v - 2 scrolls of amnesia
 w - 2 scrolls of poison {!r}
 z - a scroll of brand weapon
 B - 2 scrolls of teleportation {@r4}
 C - a scroll of blinking {unknown}
Potions
 g - 3 potions of lignification {unknown}
 h - 3 potions of curing {@q1}
 k - a potion of resistance {unknown}
 l - 5 potions of heal wounds {unknown}
 m - a potion of mutation {unknown}
 n - 3 potions of brilliance {unknown}
 q - 2 potions of attraction {unknown}
 r - a potion of berserk rage {unknown}
 x - a potion of might {unknown}
 E - 4 potions of degeneration {unknown}
 F - 2 potions of magic {unknown}

Dungeon Overview and Level Annotations

Branches:
Dungeon (6/15)             Temple (1/1) D:5

Altars:
Ashenzari
Cheibriados
Dithmenos
Elyvilon
Fedhas
Gozag
Hepliaklqana
Kikubaaqudgha
Makhleb
Nemelex Xobeh
Okawaru
Qazlal
Ru
Trog
Uskayaw
Vehumet
Wu Jian
Xom
Yredelemnul
Zin
The Shining One

#.........# #.# #.#######.#
#.# #.#######.###.#####
#.##..............#
#[............#####
#.######.####.#
#########.######.#....#
#..........Y.....#.########
#####..##Ys................
#..##..Y...............
#.....###....#.########
#..##+.##....#.##
#...............#######
#.....##.######........
##.....##.....##..#####
#####......##.###.##......
#...........##.###.##.....


You could see 3 yaks.


Message History

No target in view! 😎 HP[+1]
You now have 58 max hp (+1).
Your hp is fully restored (58).
No target in view!
No target in view!
No target in view!
No target in view!
No target in view!
No target in view!
No target in view!
No target in view!
No target in view!
No target in view!
No target in view!
You open the door.
There is an open door here.
G - a wand of acid (4)
There is an open door here.
You now have 305 gold pieces (gained 15).
You now have 326 gold pieces (gained 21).
You now have 335 gold pieces (gained 9).
You open the door.
There is an open door here.
Key pressed, stopping explore.
i - 2 scrolls of immolation {!r!r} (gained 1)
There is an open door here.
Key pressed, stopping explore.
There is an open door here.
Key pressed, stopping explore.
Done exploring.
Done exploring.
Done exploring.
Done exploring.
Done exploring.
(D) Dungeon (T) Temple
Where to? (Enter - D:5, ? - help)
There is a stone staircase leading down here.
You climb downwards.
Found 18 gold pieces.
Found an escape hatch in the floor.
There is a stone staircase leading up here.
There are monsters nearby!
Unknown command.
Unknown command.
There are monsters nearby!
There are monsters nearby!
There are monsters nearby!
You shoot a bolt. The bolt hits the yak.
The bolt freezes the yak.
The yak bellows! x3
You shoot a bolt. The bolt completely misses the yak.
The yak gores you.
You shoot a bolt. The bolt completely misses the yak.
The yak gores you!
You are too injured to fight recklessly!
You are too injured to fight recklessly!
You are too injured to fight recklessly!
You are too injured to fight recklessly!
You are too injured to fight recklessly! 😮 HP[-16]
You take 16 damage, and now have 42/58 hp.
MASSIVE DAMAGE!! (PAUSE)
The yak misses you. The yak gores you!
* * * LOW HITPOINT WARNING * * *
The yak closely misses you.
You climb upwards.
There is a stone staircase leading down here. 😨 HP[-13]
You take 13 damage, and now have 29/58 hp.
MASSIVE DAMAGE!! (PAUSE) Unknown command.
Unknown command.
Casting: Spider Form (dangerous; 5% risk of failure)
Confirm with . or Enter, or press ? or * to list all spells.
You turn into a venomous arachnid creature.
The +9 hand crossbow "Fadaam" {freeze, rN++ Dex-4 SInv, crossbow} melds into your body.
Your +0 robe melds into your body.
The +9 hand crossbow "Fadaam" {freeze, rN++ Dex-4 SInv, crossbow} stops glowing.
The yak misses you. The yak gores you!
* * * LOW HITPOINT WARNING * * *
The yak gores you.
* * * LOW HITPOINT WARNING * * *
😨 HP[-13] MP[-3]
You take 13 damage, and now have 16/58 hp.
MASSIVE DAMAGE!! (PAUSE)
You lost 3 mp, and now have 18/21 mp.
Unknown command.
You hit the yak but do no damage.
The yak is poisoned.
The yak completely misses you. The yak closely misses you. x2
You hit the yak. The yak closely misses you. The yak completely misses you.
The yak misses you.
You hit the yak. The yak gores you.
* * * LOW HITPOINT WARNING * * *
The yak misses you. The yak gores you!
* * * LOW HITPOINT WARNING * * *
😱 HP[-13]
You take 13 damage, and now have 3/58 hp.
MASSIVE DAMAGE!! (PAUSE) Unknown command.
Unknown command.
Okay, then.
It was a potion of curing.
You feel better. The yak closely misses you. The yak completely misses you.
The yak gores you!
You die...

Skill      XL: |  1  2  3  4  5  6  7  8 |
---------------+-------------------------+-----
Spellcasting   | |  9.8
Fighting       | 1 2 3 |  3.0
Short Blades   | 1 2 3 |  3.0
Long Blades    | 1 2 3 |  3.0
Axes           | 1 2 3 |  3.0
Maces & Flails | 1 2 3 |  3.0
Polearms       | 1 2 3 |  3.0
Staves         | 1 2 3 |  3.0
Slings         | 1 2 3 |  3.0
Bows           | 1 2 3 |  3.0
Crossbows      | 1 2 3 |  3.0
Throwing       | 1 2 3 |  3.0
Armour         | 1 2 3 |  3.0
Dodging        | 1 2 3 |  3.0
Stealth        | 1 2 3 |  3.0
Shields        | 1 2 3 |  3.0
Unarmed Combat | 1 2 3 |  3.0
Conjurations   | 1 2 |  2.4
Hexes          | 1 2 |  2.4
Summonings     | 1 2 |  2.4
Necromancy     | 1 2 |  2.4
Translocations | 1 2 |  2.4
Fire Magic     | 1 2 |  2.4
Ice Magic      | 1 2 |  2.4
Air Magic      | 1 2 |  2.4
Earth Magic    | 1 2 |  2.4
Poison Magic   | 1 2 |  2.4
Invocations    | 3 4 |  4.2
Transmutations | 4 |  4.5
Evocations     | 5 |  5.5

Action                   |  1- 3 |  4- 6 |  7- 9 || total
-------------------------+-------+-------+-------++-------
Melee: Club              |     1 |       |       ||     1
       Dagger            |    74 |       |       ||    74
       Bite              |     5 |       |       ||     5
       Unarmed           |       |     5 |    10 ||    15
 Fire: Hand crossbow     |     5 |   101 |    49 ||   155
 Cast: Necrotize         |    12 |       |       ||    12
       Spider Form       |       |     2 |     2 ||     4
       Ignite Poison     |       |     1 |       ||     1
Evoke: Wand              |     5 |       |       ||     5
  Use: Scroll            |     3 |     3 |     2 ||     8
       Potion            |       |       |     1 ||     1
 Stab: Sleeping          |     1 |       |       ||     1
Armor: Robe              |    15 |     8 |     4 ||    27
Dodge: Dodged            |    61 |    42 |    33 ||   136

Levels and vault maps discovered:
D:1:      erik_arrival_cave_to_civilisation [erik_arrival_cave_to_hall],
          layout_loops_corners
D:2:      layout_basic
D:3:      layout_rooms
D:4:      layout_loops_ring, hangedman_decor_growths, grunt_ministairs_7,
          corexii_checkpoint_a, minmay_misc_feat_room
D:5:      layout_basic, minmay_temple_entry_enclosed_plants,
          minmay_misc_feat_columns, ebering_dispersal_statue_hall,
          minmay_parallelograms, eino_tiny_chamber
D:6:      layout_gridville
Temple:   mainiacjoe_temple_circle_huts

Notes
Turn   | Place    | Note
-------+----------+-------------------------------------------
     0 | D:1      | Reached skill level 9 in Spellcasting
     0 | D:1      | spaghetti the Gnoll Wanderer began the quest for the Orb.
     0 | D:1      | spaghetti set off with the following items: a +0 club
                  | {mace}, a scroll of silence {!r}, a +0 robe, a wand of
                  | flame (6); and the following spells available to memorise:
                  | Beastly Appendage, Necrotize, Slow, Spider Form, Ignite
                  | Poison, Confusing Touch
     0 | D:1      | Reached XP level 1. HP: 13/13 MP: 10/10
     0 | D:1      | magus.rc [v1.9.6]
    34 | D:1      | Reached XP level 2. HP: 13/19 MP: 12/12
   149 | D:1      | Learned a level 1 spell: Necrotize
  1199 | D:1      | Reached XP level 3. HP: 22/25 MP: 13/13
  1348 | D:1      | Learned a level 3 spell: Spider Form
  1352 | D:1      | Learned a level 3 spell: Ignite Poison
  1946 | D:2      | Reached skill level 1 in Fighting
  1946 | D:2      | Reached skill level 1 in Short Blades
  1946 | D:2      | Reached skill level 1 in Long Blades
  1946 | D:2      | Reached skill level 1 in Axes
  1946 | D:2      | Reached skill level 1 in Maces & Flails
  1946 | D:2      | Reached skill level 1 in Polearms
  1946 | D:2      | Reached skill level 1 in Staves
  1946 | D:2      | Reached skill level 1 in Slings
  1946 | D:2      | Reached skill level 1 in Bows
  1946 | D:2      | Reached skill level 1 in Crossbows
  1946 | D:2      | Reached skill level 1 in Throwing
  1946 | D:2      | Reached skill level 1 in Armour
  1946 | D:2      | Reached skill level 1 in Dodging
  1946 | D:2      | Reached skill level 1 in Stealth
  1946 | D:2      | Reached skill level 1 in Shields
  1946 | D:2      | Reached skill level 1 in Unarmed Combat
  2127 | D:2      | Identified a scroll of acquirement
  2127 | D:2      | Acquired the +9 hand crossbow "Fadaam" {freeze, rN++ Dex-4
                  | SInv}
  2276 | D:2      | Reached XP level 4. HP: 32/32 MP: 15/15
  2566 | D:3      | Reached skill level 1 in Conjurations
  2566 | D:3      | Reached skill level 1 in Hexes
  2566 | D:3      | Reached skill level 1 in Summonings
  2566 | D:3      | Reached skill level 1 in Necromancy
  2566 | D:3      | Reached skill level 1 in Translocations
  2566 | D:3      | Reached skill level 1 in Fire Magic
  2566 | D:3      | Reached skill level 1 in Ice Magic
  2566 | D:3      | Reached skill level 1 in Air Magic
  2566 | D:3      | Reached skill level 1 in Earth Magic
  2566 | D:3      | Reached skill level 1 in Poison Magic
  2681 | D:3      | Reached skill level 3 in Invocations
  2813 | D:3      | Reached XP level 5. HP: 37/37 MP: 16/16
  3422 | D:4      | Reached skill level 4 in Transmutations
  3735 | D:4      | Noticed a black bear
  3742 | D:4      | HP: 6/38 [black bear (5)]
  3745 | D:4      | Killed a black bear
  3746 | D:4      | Reached skill level 5 in Evocations
  3746 | D:4      | Reached XP level 6. HP: 8/44 MP: 10/18
  4022 | D:4      | Reached skill level 2 in Fighting
  4022 | D:4      | Reached skill level 2 in Short Blades
  4022 | D:4      | Reached skill level 2 in Long Blades
  4022 | D:4      | Reached skill level 2 in Axes
  4022 | D:4      | Reached skill level 2 in Maces & Flails
  4022 | D:4      | Reached skill level 2 in Polearms
  4022 | D:4      | Reached skill level 2 in Staves
  4022 | D:4      | Reached skill level 2 in Slings
  4022 | D:4      | Reached skill level 2 in Bows
  4022 | D:4      | Reached skill level 2 in Crossbows
  4022 | D:4      | Reached skill level 2 in Throwing
  4022 | D:4      | Reached skill level 2 in Armour
  4022 | D:4      | Reached skill level 2 in Dodging
  4022 | D:4      | Reached skill level 2 in Stealth
  4022 | D:4      | Reached skill level 2 in Shields
  4022 | D:4      | Reached skill level 2 in Unarmed Combat
  4087 | D:4      | You pick up a book of Air and begin reading...
  4087 | D:4      | You add the spells Shock, Swiftness and Airstrike to your
                  | library.
  4573 | D:5      | Entered Level 5 of the Dungeon
  4576 | D:5      | Reached XP level 7. HP: 50/50 MP: 20/20
  4582 | D:5      | Reached skill level 2 in Conjurations
  4582 | D:5      | Reached skill level 2 in Hexes
  4582 | D:5      | Reached skill level 2 in Summonings
  4582 | D:5      | Reached skill level 2 in Necromancy
  4582 | D:5      | Reached skill level 2 in Translocations
  4582 | D:5      | Reached skill level 2 in Fire Magic
  4582 | D:5      | Reached skill level 2 in Ice Magic
  4582 | D:5      | Reached skill level 2 in Air Magic
  4582 | D:5      | Reached skill level 2 in Earth Magic
  4582 | D:5      | Reached skill level 2 in Poison Magic
  4646 | D:5      | HP: 11/51 [orc/+0 hand axe (3)]
  4899 | D:5      | Found a staircase to the Ecumenical Temple.
  4905 | Temple   | Entered the Ecumenical Temple
  5214 | Temple   | Became a worshipper of Cheibriados the Contemplative
  5343 | D:5      | Reached skill level 4 in Invocations
  5718 | D:5      | Reached XP level 8. HP: 57/57 MP: 21/21
  5847 | D:5      | Reached skill level 3 in Fighting
  5847 | D:5      | Reached skill level 3 in Short Blades
  5847 | D:5      | Reached skill level 3 in Long Blades
  5847 | D:5      | Reached skill level 3 in Axes
  5847 | D:5      | Reached skill level 3 in Maces & Flails
  5847 | D:5      | Reached skill level 3 in Polearms
  5847 | D:5      | Reached skill level 3 in Staves
  5847 | D:5      | Reached skill level 3 in Slings
  5847 | D:5      | Reached skill level 3 in Bows
  5847 | D:5      | Reached skill level 3 in Crossbows
  5847 | D:5      | Reached skill level 3 in Throwing
  5847 | D:5      | Reached skill level 3 in Armour
  5847 | D:5      | Reached skill level 3 in Dodging
  5847 | D:5      | Reached skill level 3 in Stealth
  5847 | D:5      | Reached skill level 3 in Shields
  5847 | D:5      | Reached skill level 3 in Unarmed Combat
  5974 | D:6      | Noticed a yak
  5974 | D:6      | Noticed a yak
  5974 | D:6      | Noticed a yak
  5974 | D:6      | Noticed a yak
  5983 | D:5      | HP: 13/58 [yak (4)]
  5983 | D:5      | HP: 3/58 [yak (10)]
  5984 | D:5      | Slain by a yak

Vanquished Creatures
  A water moccasin (D:5)
  A black bear (D:4)
  A centaur (D:5)
  A bullfrog (D:5)
  4 scorpions
  An orc priest (D:5)
  3 hounds
  An orc wizard (D:4)
  9 adders
  2 ufetubi
  A worm (D:3)
  3 dart slugs
  11 orcs
  5 endoplasms
  4 giant cockroaches
  7 goblins
  10 hobgoblins
  6 jackals
  7 kobolds
  10 quokkas
  8 ball pythons
  4 bats
  8 frilled lizards
  3 rats
111 creatures vanquished.

Vanquished Creatures (collateral kills)
  A ball python (D:1)
1 creature vanquished.

Grand Total: 112 creatures vanquished

Table legend:
 A = Non-vault XP
 B = Vault XP
 C = Vault XP percentage of total XP
 D = Non-vault monster count
 E = Vault monster count
 F = Vault count percentage of total count
                 A         B        C        D         E       F
            +---------+---------+-------+---------+---------+-------
      Total |    1309 |      18 |   1.4 |     106 |       6 |   5.4
            +---------+---------+-------+---------+---------+-------
        D:1 |      41 |       4 |   8.9 |      26 |       2 |   7.1
        D:2 |      74 |       0 |   0.0 |      19 |       0 |   0.0
        D:3 |      66 |       8 |  10.8 |      24 |       1 |   4.0
        D:4 |     348 |       6 |   1.7 |      19 |       3 |  13.6
        D:5 |     780 |       0 |   0.0 |      18 |       0 |   0.0
            +---------+---------+-------+---------+---------+-------

Illustrated notes

Table legend:
 A = Kills in this place as a percentage of kills in entire the game.
 B = Kills by you in this place as a percentage of kills by you in the entire game.
 C = Kills by friends in this place as a percentage of kills by friends in the entire game.
 D = Other kills in this place as a percentage of other kills in the entire game.
 E = Experience gained in this place as a percentage of experience gained in the entire game.
 F = Experience gained in this place divided by the number of levels of this place that you have seen.
                   A       B       C       D       E      F
               +-------+-------+-------+-------+-------+----------------------
         Total | 100.0 | 100.0 | 100.0 |   N/A | 100.0 | 189.6
       Dungeon | 100.0 | 100.0 | 100.0 |   N/A | 100.0 | 221.2
               +-------+-------+-------+-------+-------+----------------------

Table legend: (Time is in decaauts)
 A = Elapsed time spent in this place.
 B = Non-inter-level travel time spent in this place.
 C = Inter-level travel time spent in this place.
 D = Time resting spent in this place.
 E = Time spent auto-exploring this place.
 F = Levels seen in this place.
 G = Mean time per level.
                   A        B        C        D        E       F      G
               +--------+--------+--------+--------+--------+-----+--------+
         Total |   6195 |   6048 |    147 |     32 |   5378 |   7 |  885.0 |
       Dungeon |   5872 |   5745 |    127 |     32 |   5097 |   6 |  978.7 |
        Temple |    323 |    303 |     20 |      0 |    281 |   1 |  323.0 |
               +--------+--------+--------+--------+--------+-----+--------+

Top non-repeatable levels by time:
     D:1: 1765 daAuts
     D:5: 1253 daAuts
     D:4: 1185 daAuts
     D:3: 866 daAuts
     D:2: 795 daAuts
  Temple: 323 daAuts
     D:6: 5 daAuts
